 Dungeon Crawl Stone Soup version 0.30-a0-591-g3c58d2bc28 (webtiles) character file.

Game seed: 1081483017884517116

9621 flotson the Anamnesiscian (level 11, -2/75 HPs)
             Began as a Demonspawn Delver on Jan 4, 2023.
             Was an Elder of Hepliaklqana.
             Slain by a cane toad (13 damage)
             ... on level 10 of the Dungeon.
             The game lasted 00:19:02 (10095 turns).

flotson the Anamnesiscian (Demonspawn Delver)      Turns: 10095, Time: 00:19:02

Health: -2/75      AC:  8    Str: 17      XL:     11   Next: 25%
Magic:  0/17       EV: 12    Int: 11      God:    Hepliaklqana [****..]
Gold:   640        SH:  0    Dex: 16 (19) Spells: 10/10 levels left

rFire   + . .      SeeInvis .    f - +0 quarterstaff (chaos)
rCold   . . .      Faith    .    (shield currently unavailable)
rNeg    . . .      Spirit   +    q - +0 scale mail
rPois   .          Reflect  .    (no helmet)
rElec   .          Harm     .    I - scarf {shadows}
rCorr   .          Rampage  .    t - +0 pair of gloves
Will    .....                    (no boots)
Stlth   ++++                     y - amulet of regeneration
HPRegen 1.12/turn                z - ring of protection from fire
MPRegen 0.30/turn                (no ring)

@: lethally poisoned (-2 -> -4)
A: reduced essence, hooves 2, thin skeletal structure 2, powered by death 1,
magic shield, magic regeneration
a: Renounce Religion, Recall Ancestor, Ancestor Identity, Transference, Idealise


You were on level 10 of the Dungeon.
You worshipped Hepliaklqana.
Hepliaklqana was greatly pleased with you.
You visited 3 branches of the dungeon, and saw 12 of its levels.

You collected 640 gold pieces.

Inventory:

Hand Weapons
 a - a +3 halberd of freezing
 b - a +0 arbalest
 f - a +0 quarterstaff of chaos (weapon)
Missiles
 d - 6 javelins (quivered)
 i - 15 poisoned darts
 J - a curare-tipped dart
Armour
 q - a +0 scale mail (worn)
 t - a +0 pair of gloves (worn)
 I - a scarf of shadows (worn)
Jewellery
 y - an amulet of regeneration (around neck)
 z - a ring of protection from fire (left hand)
Wands
 g - a wand of digging (3)
 L - a wand of polymorph (6)
 N - a wand of acid (5)
 O - a wand of roots (8)
Scrolls
 c - 2 scrolls of fog
 e - a scroll of identify
 j - 6 scrolls of poison
 k - 5 scrolls of teleportation
 m - 2 scrolls of brand weapon
 n - 2 scrolls of enchant weapon
 o - 3 scrolls of blinking
 r - a scroll of immolation
 w - a scroll of magic mapping
 C - 2 scrolls of enchant armour
 H - 3 scrolls of summoning
 Q - a scroll of torment
Potions
 l - 2 potions of mutation
 p - 2 potions of flight
 s - 6 potions of lignification
 A - a potion of degeneration
 D - a potion of ambrosia
 E - 2 potions of resistance
 M - a potion of experience
 P - 4 potions of might


   Skills:
 + Level 7.4 Fighting
 + Level 6.3 Axes
 + Level 6.0 Throwing
 + Level 6.1 Armour
 + Level 6.3 Dodging
 - Level 5.0 Stealth
 + Level 8.1 Invocations
 + Level 6.5 Evocations


You had 10 spell levels left.
You didn't know any spells.
Your spell library contained the following spells:

 Spells                   Type           Power      Damage    Failure   Level
 Beastly Appendage        Tmut           0%         N/A       71%         1
 Blink                    Tloc           0%         N/A       85%         2
 Wereblood                Tmut           0%         N/A       85%         2
 Gell's Gravitas          Tloc           0%         N/A       97%         3
 Lesser Beckoning         Tloc           0%         N/A       97%         3
 Spider Form              Tmut/Pois      0%         N/A       97%         3
 Teleport Other           Tloc           0%         N/A       97%         3
 Manifold Assault         Tloc           0%         N/A       100%        4
 Storm Form               Tmut/Air       0%         N/A       100%        7


Dungeon Overview and Level Annotations

Branches:
Dungeon (10/15)            Temple (1/1) D:4            Lair (1/5) D:10
    Orc (0/2) D:9

Altars:
Dithmenos
Gozag
Hepliaklqana
Nemelex Xobeh
Okawaru
Ru
Sif Muna
Trog
Vehumet
Wu Jian
Xom
Yredelemnul


Innate Abilities, Weirdness & Mutations

Your life essence is reduced to manifest your ancestor. (-10% HP)
You have hoof-like feet.
You have a moderately thin skeletal structure. (Dex +4, Stealth++)
You regenerate a little health from kills.
When hurt, damage is shared between your health and your magic reserves.
You regenerate magic rapidly.


Message History

The yak is moderately wounded.
The yak gores you!
You barely miss the yak.
The yak is moderately wounded.
The yak gores you.
You hit the yak but do no damage.
The yak seems to slow down.
You kick the yak, but do no damage.
The yak is moderately wounded.
The yak is no longer moving slowly.
The yak gores you!
You barely miss the yak.
The yak is moderately wounded.
The yak gores you but does no damage.
You sock the yak! You freeze the yak. You kick the yak, but do no damage.
The yak is severely wounded.
The yak gores you but does no damage.
You sock the yak! You burn the yak.
The yak is almost dead.
The yak gores you! The yak gores you but does no damage.
You sock the yak!
You kill the yak!
The cane toad stings you!
You are poisoned.
The cane toad poisons you!
You hit the cane toad. You burn the cane toad.
The cane toad is moderately wounded.
You feel extremely sick. The cane toad stings you.
* * * LOW HITPOINT WARNING * * *
You sock the cane toad! Your kick misses the cane toad.
The cane toad is heavily wounded.
You feel very sick.
The cane toad stings you but does no damage.
The cane toad stings you.
* * * LOW HITPOINT WARNING * * *
You sock the cane toad!
The cane toad resists with some effort.
You kick the cane toad, but do no damage.
The cane toad is heavily wounded.
You feel very sick. The cane toad stings you!!
You die...

.##.# #.......####..^.
.##.## ##.P..PP.## #....
.##..# #.........# #....
.###.######
##.........###.... ##
#......##
#.....>...........
#.......##
#..........###....
##.......# #Y.........#
#.... #.....#.#
#F#.......## #####
#.....#.## #@#....P..#
#.....#..###.##.....##
#.....##..##.###...####
#######.....#.#..)........#
......R.......>.#[........#
#######.....#####.........#
#.....# ########### ##
#.....# .# #######


You could see a yak (drained) and a cane toad.

Vanquished Creatures
  A dancing weapon (D:6)
  An elephant (D:10)
  A polar bear (D:8)
  A troll (D:9)
  A spriggan (D:8)
  Sigmund (D:2)
  A wraith (D:9)
  5 yaks
  A wyvern (D:10)
  Eustachio (D:5)
  A steam dragon (D:8)
  A basilisk (D:10)
  3 ice beasts
  2 black bears
  A sky beast (D:7)
  A wolf (D:9)
  An ogre (D:5)
  A centaur (D:9)
  2 kobold brigands
  A necrophage (D:7)
  2 scorpions
  3 killer bees
  An electric eel (D:7)
  A hound (D:4)
  A jelly (D:6)
  2 orc priests
  3 iguanas
  Jessica (D:2)
  A gnoll bouda (D:8)
  5 orc wizards
  9 gnolls
  6 adders
  A shadow imp (D:7)
  A white imp (D:7)
  An ufetubus (D:6)
  3 worms
  3 dart slugs
  14 orcs
  4 endoplasms
  4 goblins
  7 hobgoblins
  2 jackals (D:5)
  15 kobolds
  3 quokkas
  3 ball pythons (D:2)
  4 bats
  3 frilled lizards
  2 rats
133 creatures vanquished.

Vanquished Creatures (collateral kills)
  A two-headed ogre (D:10)
  The ghost of sirJeffrey23 the Cleaver, a novice HOFi of Beogh (D:8)
  The ghost of pdpol the Conjurer, a novice NaFE of Vehumet (D:6)
  A hornet (D:9)
  A spriggan (D:8)
  A wyvern (D:9)
  A wraith (D:10)
  7 yaks
  Grum (D:9)
  An orc warrior (D:10)
  An ice beast (D:6)
  3 wolves (D:9)
  A kobold brigand (D:8)
  A phantom (D:7)
  A necrophage (D:5)
  3 wights (D:9)
  5 killer bees
  2 electric eels (D:7)
  An orc priest (D:7)
  A jelly (D:7)
  3 orc wizards
  2 gnolls (D:8)
  An adder (D:6)
  2 orcs
  A hobgoblin (D:4)
  7 kobolds
51 creatures vanquished.

Vanquished Creatures (others)
  4 battlemagi
  6 plants
10 creatures vanquished.

Grand Total: 194 creatures vanquished

Notes
Turn   | Place    | Note
-------+----------+-------------------------------------------
     0 | D:5      | flotson the Demonspawn Delver began the quest for the Orb.
     0 | D:5      | Reached XP level 1. HP: 18/18 MP: 1/1
    50 | D:5      | Noticed an ogre
   120 | D:3      | Found a sparkling altar of Nemelex Xobeh.
   202 | D:3      | Found a bloodstained altar of Trog.
   287 | D:3      | Gained mutation: You have large cloven feet. [demonic
                  | ancestry]
   287 | D:3      | Reached XP level 2. HP: 16/24 MP: 2/2
   601 | D:2      | Noticed Sigmund
   875 | D:2      | Reached XP level 3. HP: 23/29 MP: 3/3
  1071 | D:2      | HP: 1/29 [hobgoblin (4)]
  1076 | D:2      | HP: 1/29 [gnoll/+0 spear (3)]
  1228 | D:2      | Reached skill level 1 in Evocations
  1232 | D:2      | Reached skill level 1 in Throwing
  2118 | D:1      | Gained mutation: You regenerate magic rapidly. [demonic
                  | ancestry]
  2118 | D:1      | Reached XP level 4. HP: 22/35 MP: 4/4
  2177 | D:1      | Reached skill level 1 in Armour
  2354 | D:2      | Noticed Jessica
  2363 | D:2      | Killed Jessica
  2419 | D:2      | Killed Sigmund
  2420 | D:2      | Reached skill level 5 in Stealth
  2420 | D:2      | Gained mutation: You have a somewhat thin skeletal
                  | structure. (Dex +2, Stealth+) [demonic ancestry]
  2420 | D:2      | Reached XP level 5. HP: 36/42 MP: 5/5
  2420 | D:2      | Gained mutation: You have a moderately thin skeletal
                  | structure. (Dex +4, Stealth++) [demonic ancestry]
  2420 | D:2      | Reached XP level 6. HP: 41/48 MP: 6/6
  2944 | D:3      | Found a basalt altar of Yredelemnul.
  3404 | D:4      | Found a staircase to the Ecumenical Temple.
  3412 | Temple   | Entered the Ecumenical Temple
  3420 | Temple   | Became a worshipper of Hepliaklqana the Forgotten
  3628 | D:4      | Reached skill level 1 in Invocations
  3748 | D:4      | Found a shadowy altar of Dithmenos.
  4014 | D:4      | Reached * piety under Hepliaklqana
  4516 | D:5      | Gained mutation: You regenerate a little health from kills.
                  | [demonic ancestry]
  4516 | D:5      | Reached XP level 7. HP: 31/48 MP: 6/8
  4699 | D:5      | Reached skill level 2 in Invocations
  4728 | D:5      | Found a sacrificial altar of Ru.
  5013 | D:5      | Noticed Eustachio
  5021 | D:5      | Killed Eustachio
  5022 | D:5      | Reached skill level 3 in Invocations
  5022 | D:5      | Gained mutation: When hurt, damage is shared between your
                  | health and your magic reserves. [demonic ancestry]
  5022 | D:5      | Reached XP level 8. HP: 54/54 MP: 10/10
  5226 | D:6      | Found an ornate altar of the Wu Jian Council.
  5237 | D:6      | Reached ** piety under Hepliaklqana
  5238 | D:6      | Remembered your ancestor Nindada as a battlemage
  5301 | D:6      | Found a radiant altar of Vehumet.
  5330 | D:6      | Found a runed translucent door.
  5331 | D:6      | Found a shimmering altar of Xom.
  5331 | D:6      | Noticed pdpol's ghost (novice NaFE)
  5332 | D:6      | Noticed a +0 quarterstaff of chaos
  5580 | D:6      | Found an opulent altar of Gozag.
  6114 | D:7      | Reached *** piety under Hepliaklqana
  6180 | D:7      | Reached skill level 5 in Fighting
  6180 | D:7      | Reached skill level 4 in Invocations
  6808 | D:8      | Reached XP level 9. HP: 26/61 MP: 6/12
  6860 | D:8      | Reached skill level 5 in Invocations
  7256 | D:8      | Found a runed translucent door.
  7258 | D:8      | Noticed sirJeffrey23's ghost (novice HOFi)
  7259 | D:8      | Noticed a polar bear
  7259 | D:8      | Identified the +5 trident of an ice cave {flame, rElec rF++
                  | Str-2}
  7538 | D:9      | Paralysed by a hornet for 1 turns
  7542 | D:9      | Reached skill level 5 in Axes
  7542 | D:9      | Reached skill level 5 in Dodging
  7542 | D:9      | Reached skill level 5 in Evocations
  7615 | D:9      | Reached **** piety under Hepliaklqana
  7630 | D:9      | Reached skill level 6 in Invocations
  7707 | D:9      | Noticed Grum
  7722 | D:9      | Killed Grum
  7723 | D:9      | Gained mutation: You have hoof-like feet. [demonic
                  | ancestry]
  7723 | D:9      | Reached XP level 10. HP: 33/68 MP: 7/14
  7793 | D:9      | Found a staircase to the Orcish Mines.
  7812 | D:9      | Reached skill level 5 in Armour
  7954 | D:8      | Reached skill level 5 in Throwing
  8685 | D:10     | Entered Level 10 of the Dungeon
  8901 | D:10     | Noticed an elephant
  8929 | D:10     | Killed an elephant
  8930 | D:10     | Reached skill level 7 in Invocations
  8933 | D:10     | Noticed a two-headed ogre
  8936 | D:10     | HP: 2/69 [wyvern (3)]
  8962 | D:10     | Found a staircase to the Lair.
  8965 | D:10     | Killed a two-headed ogre
  9432 | D:8      | Killed sirJeffrey23's ghost
  9443 | D:8      | HP: 2/71 [spriggan/+0 spear (11)]
  9648 | D:8      | Reached XP level 11. HP: 62/75 MP: 13/16
  9853 | D:6      | Killed a +0 quarterstaff of chaos
  9860 | D:6      | Killed pdpol's ghost
  9861 | D:6      | Reached skill level 8 in Invocations
 10059 | Lair:1   | Entered Level 1 of the Lair of Beasts
 10095 | D:10     | Slain by a cane toad

Illustrated notes

Levels and vault maps discovered:
D:1:      dpeg_arrival_court, layout_loops_ring
D:2:      layout_loops_cross, uniq_sigmund, uniq_jessica
D:3:      layout_loops_cross, nicolae_overflow_quartered_altars,
          amcnicky_mini_corridor_feature, chequers_arboretum,
          grunt_ministairs_1, minmay_hedge_maze
D:4:      layout_layer_cave, grunt_dithmenos_smoke, minmay_temple_entry_waves,
          minivault_5, minmay_misc_feat_pillars, kennysheep_flooded_box
D:5:      layout_gridville, mainiacjoe_overflow_boulevard, uniq_eustachio
D:6:      layout_gridville, lemuel_doored_altar, mainiacjoe_overflow_catwalk,
          general_overflow_altar, ebering_ghost_xom, minmay_misc_feat_roman
D:7:      layout_basic, serial_bayou_lake_a
D:8:      layout_cave_pools, ebering_ghost_funeral_grove, minivault_19,
          chequers_decorated_corner
D:9:      layout_loops_ring, minmay_orc_entry_temple_small, uniq_grum
D:10:     layout_basic, david_lair_generic
Temple:   dshaligram_water_room_temple
Lair:1:   layout_gridlike, wad_woods_road_02

Skill      XL: |  1  2  3  4  5  6  7  8  9 10 11 |
---------------+----------------------------------+-----
Dodging        | 2 3 4 5 6 |  6.3
Axes           | 2 3 4 5 6 |  6.3
Evocations     | 1 2 3 4 5 6 |  6.5
Throwing       | 1 2 3 4 5 6 |  6.0
Armour         | 2 3 4 5 6 |  6.1
Stealth        | 5 |  5.0
Invocations    | 1 3 4 6 7 8 |  8.1
Fighting       | 4 5 6 7 |  7.4

Action                   |  1- 3 |  4- 6 |  7- 9 | 10-12 || total
-------------------------+-------+-------+-------+-------++-------
Melee: War axe           |    90 |       |       |       ||    90
       Kick              |    21 |    14 |    45 |    45 ||   125
       Whip              |     4 |    20 |       |       ||    24
       Club              |       |    46 |   162 |    23 ||   231
       Punch             |       |       |     1 |     1 ||     2
       Halberd           |       |       |       |    85 ||    85
       Quarterstaff      |       |       |       |    26 ||    26
 Fire: Arbalest          |       |       |       |     4 ||     4
Throw: Javelin           |     1 |     6 |       |     2 ||     9
       Dart              |       |     9 |       |       ||     9
Invok: Ancestor Life: Ba |       |       |     1 |       ||     1
       Recall Ancestor   |       |       |       |     2 ||     2
Evoke: Wand              |       |       |       |     2 ||     2
  Use: Scroll            |     2 |       |     1 |    17 ||    20
       Potion            |     5 |       |     1 |     9 ||    15
 Stab: Sleeping          |     1 |     4 |     7 |       ||    12
       Distracted        |       |     1 |     6 |     6 ||    13
Armor: Chain mail        |    20 |       |       |       ||    20
       Scale mail        |    38 |    17 |    48 |    86 ||   189
       Skin              |     2 |       |       |       ||     2
Dodge: Dodged            |    31 |    19 |   113 |   103 ||   266

Table legend: (Time is in decaauts)
 A = Elapsed time spent in this place.
 B = Non-inter-level travel time spent in this place.
 C = Inter-level travel time spent in this place.
 D = Time resting spent in this place.
 E = Time spent auto-exploring this place.
 F = Levels seen in this place.
 G = Mean time per level.
                   A        B        C        D        E       F      G
               +--------+--------+--------+--------+--------+-----+--------+
         Total |  10215 |   9400 |    815 |    552 |   7263 |  12 |  851.2 |
       Dungeon |  10190 |   9382 |    808 |    552 |   7263 |  10 | 1019.0 |
        Temple |     14 |      8 |      6 |      0 |      0 |   1 |   14.0 |
          Lair |     10 |     10 |      0 |      0 |      0 |   1 |   10.0 |
               +--------+--------+--------+--------+--------+-----+--------+

Top non-repeatable levels by time:
     D:4: 1428 daAuts
     D:9: 1154 daAuts
     D:2: 1097 daAuts
     D:8: 1089 daAuts
     D:3: 1040 daAuts
     D:6: 1004 daAuts
     D:7: 939 daAuts
     D:1: 878 daAuts
     D:5: 809 daAuts
    D:10: 748 daAuts
  Temple: 14 daAuts
  Lair:1: 10 daAuts
